AoeStats
← be4thoven

Four Lakes

507807016Analyzed
1v1 RM · 13d ago on Sep 19, 2026· 38m 39s· 2 players
Game mode
Random Map
Map size
Tiny (2 player)
Population
200
Speed
Normal
Resources
Standard
Victory
Conquest
Starting age
Dark Age
Ending age
Imperial Age
RankedLock teamsTeams togetherTeam positionsShared explorationLock speedFull tech treeHidden civsTurbo modeCheats
Victory
Defeat
🇩🇪 Mongols · Germany
778
+17
🇩🇪 Gurjaras · Germany
796
-17
be4thoven
2:47 Loom
10:55 Feudal Age
11:24 Double-Bit Axe
12:44 Loom
13:59 Horse Collar
16:10 Fishing Lines
21:06 Scale Barding Armor
21:55 Gold Mining
25:40 Castle Age
24:17 Wheelbarrow
25:45 Castle Age
24:24 Wheelbarrow
24:09 Fletching
24:21 Padded Archer Armor
25:27 Bloodlines
26:35 Forging
26:43 Thumb Ring
26:43 Husbandry
26:06 Light Cavalry
26:09 Pikeman
27:10 Bow Saw
29:32 Bodkin Arrow
29:05 Elite Skirmisher
31:15 Ballistics
31:05 Heavy Plow
31:43 Chain Barding Armor
32:39 Iron Casting
36:29 Hand Cart
nnn_0
3:37 Loom
9:55 Feudal Age
10:22 Double-Bit Axe
13:44 Man-at-Arms
14:41 Stone Mining
16:33 Wheelbarrow
20:07 Forging
19:57 Scale Mail Armor
20:06 Horse Collar
24:29 Castle Age
22:31 Gold Mining
23:39 Fletching
31:19 Heavy Plow
31:32 Bow Saw
33:08 Iron Casting
32:48 Chain Mail Armor
32:29 Bodkin Arrow
32:56 Arson
33:53 Elite Skirmisher
35:18 Ballistics
37:54 Hand Cart
Connection lost

Rejoining the realm…

Still unreachable

The connection could not be restored.

Session expired

The server has moved on; the page needs a fresh start.